AoeStats
← The Rule

Pilgrims

510105096Analyzed
4v4 RM · 2d ago on Sep 29, 2026· 46m 31s· 8 players
Game mode
Random Map
Map size
Large (8 player)
Population
200
Speed
Normal
Resources
Standard
Victory
Conquest
Starting age
Dark Age
Ending age
Imperial Age
RankedLock teamsTeams togetherTeam positionsShared explorationLock speedFull tech treeHidden civsTurbo modeCheats
Victory
Defeat
🇺🇸 Khmer · United States
904
+17
🇷🇺 Danes · Russia
897
+17
🇹🇼 Britons · Taiwan
888
+17
🇺🇸 Lithuanians · United States
814
+20
🇪🇸 Mongols · Spain
983
-20
🇩🇪 Khmer · Germany
940
-19
🇺🇸 Huns · United States
936
-19
🇲🇽 Shu · Mexico
798
-13
T.S | Mo
10:47 Loom
16:20 Feudal Age
16:43 Horse Collar
16:54 Gold Mining
27:17 Double-Bit Axe
28:56 Stone Mining
29:58 Fishing Lines
39:34 Castle Age
40:52 Bow Saw
42:13 Stone Shaft Mining
42:12 Fervor
46:11 Heavy Plow
Light
3:59 Loom
4:16 Loom
5:45 Loom
7:55 Loom
12:07 Feudal Age
12:45 Double-Bit Axe
13:24 Town Watch
17:36 Castle Age
15:49 Horse Collar
17:17 Fletching
17:34 Fishing Lines
18:31 Bodkin Arrow
19:22 Arson
25:47 Squires
25:53 Scale Mail Armor
27:01 Forging
29:05 Masonry
31:12 Heavy Plow
31:26 Bow Saw
36:37 Imperial Age
36:10 Gambesons
36:42 Chain Mail Armor
37:02 Iron Casting
37:23 Wheelbarrow
37:06 Elite Varangian Guard
38:27 Plate Mail Armor
39:45 Blast Furnace
40:06 Hand Cart
41:10 Conscription
40:17 Hamask
42:08 Conscription
41:18 Hamask
42:07 Capped Ram
43:07 Siege Ram
45:49 Town Patrol
46:28 Siege Engineers
47:24 Chemistry
46:44 Ballistics
英京塚大
11:17 Feudal Age
14:03 Man-at-Arms
14:29 Arson
14:46 Gold Mining
16:14 Double-Bit Axe
20:55 Fletching
24:40 Castle Age
25:43 Bodkin Arrow
BIZONADE
12:59 Feudal Age
12:08 Loom
16:15 Castle Age
15:48 Double-Bit Axe
19:44 Stone Mining
22:00 Horse Collar
24:34 Bow Saw
24:28 Heavy Plow
32:33 Imperial Age
31:16 Ballistics
31:44 Murder Holes
32:01 Fortified Wall
31:49 Fletching
32:25 Gold Mining
33:25 Wheelbarrow
34:45 Chemistry
33:58 Masonry
33:46 Bodkin Arrow
34:09 Heavy Scorpion
35:21 Conscription
36:11 Double Crossbow
Ana Nzinga of Mbande Ndogo
7:33 Loom
11:27 Feudal Age
11:36 Man-at-Arms
12:14 Double-Bit Axe
13:01 Town Watch
15:46 Fishing Lines
18:36 Castle Age
16:40 Fletching
18:25 Gold Mining
23:46 Imperial Age
21:13 Gillnets
22:33 Wheelbarrow
25:30 Hand Cart
29:58 Conscription
30:13 Crossbowman
31:19 Bodkin Arrow
33:21 Light Cavalry
34:11 Bloodlines
34:02 Husbandry
33:23 Cavalier
34:09 Arbalester
35:10 Bow Saw
35:10 Elite Battle Elephant
The Rule
11:58 Loom
14:22 Feudal Age
14:51 Double-Bit Axe
15:34 Fishing Lines
16:38 Bloodlines
20:33 Scale Barding Armor
22:31 Castle Age
21:16 Stone Mining
23:47 Bow Saw
32:10 Imperial Age
30:42 Padded Archer Armor
30:32 Fletching
30:53 Gold Mining
32:43 Wheelbarrow
33:22 Conscription
35:42 Town Watch
37:18 Hand Cart
38:56 Bodkin Arrow
39:38 Ballistics
40:20 Chemistry
41:19 Onager
41:26 Light Cavalry
42:07 Husbandry
42:28 Leather Archer Armor
ROMA
5:52 Loom
13:52 Feudal Age
16:28 Double-Bit Axe
25:24 Castle Age
Tulak Hord3920
6:30 Loom
15:16 Feudal Age
29:16 Horse Collar
29:30 Double-Bit Axe
32:17 Castle Age
30:06 Town Watch
30:20 Gold Mining
34:31 Pikeman
Connection lost

Rejoining the realm…

Still unreachable

The connection could not be restored.

Session expired

The server has moved on; the page needs a fresh start.